Map: Taito Citadel LE

Players

SCIInewby

  • Race: Terran Terran
  • League: Master
  • Spawn Location: 5:00

Grize - Winner!

  • Race: Protoss Protoss
  • League: Gold
  • Spawn Location: 11:00

VOD

Have the link to the VOD?

Description

Time

  • Played on: Feb. 6, 2026, 7:58 p.m.
  • Length: 9:44
Show
View Real Time Build Order
Export as new Build Order

SCIInewby Terran 

Build Orders:  

Get SALT Encoding   

  12  0:00  SCV  
  13  0:13  SCV  
  14  0:25  SCV, Supply Depot  
  15  0:41  Supply Depot  
  15  0:47  SCV  
  16  0:52  Barracks  
  16  0:59  SCV  
  17  1:11  SCV  
  17  1:18  Barracks  
  18  1:24  SCV  
  19  1:27  Refinery  
  19  1:36  SCV  
  20  1:42  Engineering Bay  
  20  1:44  Supply Depot  
  20  1:51  Marine  
  21  1:59  SCV  
  22  2:10  Barracks Tech Lab  
  22  2:11  SCV  
  23  2:39  Barracks Reactor  
  23  2:44  Barracks  
  23  2:51  Command Center  
  23  2:53  Orbital Command  
  23  2:58  Refinery  
  23  3:06  Factory  
  23  3:22  SCV  
  24  3:34  Marine x4, SCV  
  28  3:46  SCV  
  29  3:48  Terran Infantry Weapons Level 1  
  29  3:51  Marine  
  29  3:52  Marine x2  
  32  3:57  Marine  
  33  4:05  Starport  
  33  4:09  Marine x2  
  35  4:41  SCV x2  
  37  4:47  Marine  
  37  4:48  Marine x3  
  41  4:53  SCV x2  
  41  4:54  Fusion Core  
  43  5:04  Medivac  
  43  5:05  SCV, Marine  
  43  5:06  Marine  
  48  5:13  SCV  
  49  5:17  SCV  
  49  5:18  Combat Shield  
  42  5:31  Marine x4  
  42  5:34  Medivac  
  41  5:49  Marine  
  38  5:50  Marine x3  
  33  6:07  Marine  
  33  6:09  Marauder  
  28  6:30  Marauder, Marine  
  28  6:31  Marine x2  
  33  6:48  Ghost Academy, Marine x3  
  33  6:51  SCV, Marauder  
  39  7:03  SCV  
  39  7:04  SCV  
  39  7:06  Marine x3  
  44  7:10  Medivac  
  44  7:13  Marauder  
  44  7:15  SCV, Terran Infantry Armor Level 1  
  49  7:18  Widow Mine  
  51  7:24  Marine x3  
  54  7:32  Starport  
  54  7:44  Marine  
  54  7:45  Widow Mine  
  54  7:46  Marine x2  
  54  7:48  Marauder  
  43  8:02  Marine  
  43  8:03  Marine  
  43  8:04  Marine  
  44  8:08  Marine  
  36  8:20  Marine  
  36  8:21  Marine  
  37  8:27  Marauder  
  34  8:46  Marine x3  
  39  8:48  Marauder  
  39  8:52  Command Center  
  37  8:59  Widow Mine  
  39  9:05  Starport Reactor  
  39  9:23  Marine x3  
  34  9:40  Supply Depot  
  34  9:41  Supply Depot  
Show
View Real Time Build Order
Export as new Build Order

Grize Protoss - Winner!

Build Orders:  

Get SALT Encoding   

  1  0:00  Probe  
  12  0:05  Probe  
  14  0:15  Probe  
  15  0:23  Pylon  
  15  0:41  Probe  
  16  0:45  Gateway  
  16  0:51  Assimilator  
  16  0:54  Probe  
  17  1:03  Assimilator  
  17  1:06  Probe  
  18  1:18  Probe  
  19  1:30  Gateway, Probe  
  20  1:34  Cybernetics Core  
  20  1:38  Pylon  
  20  1:42  Probe  
  21  1:54  Probe  
  21  1:58  Pylon  
  22  2:04  Zealot  
  22  2:05  Warp Gate, Pylon  
  24  2:16  Stalker  
  25  2:37  Sentry  
  25  2:39  Gateway  
  27  2:57  Twilight Council  
  27  2:59  Pylon, Probe  
  28  3:18  Stalker  
  28  3:21  Gateway, Adept  
  32  3:46  Probe  
  33  3:57  Nexus  
  33  3:58  Probe  
  33  4:02  Charge  
  34  4:17  Probe, Templar Archives  
  35  4:19  Stalker  
  37  4:29  Probe  
  38  4:39  Stalker x2  
  38  4:41  Stalker  
  44  4:49  Pylon  
  44  4:53  Probe  
  45  5:06  Probe  
  46  5:09  Stalker  
  48  5:18  Probe  
  45  5:51  Stalker  
  45  5:52  Stalker x3  
  51  6:09  Probe x2  
  51  6:21  Probe x2  
  51  6:32  Blink  
  51  6:33  Probe x2  
  53  6:45  Probe x2  
  53  6:46  Shield Battery  
  55  6:48  Shield Battery  
  55  6:52  Pylon  
  55  6:55  Robotics Facility  
  55  6:56  Pylon  
  55  6:57  Pylon  
  55  6:59  Pylon x2  
  55  7:03  Gateway  
  55  7:04  Stalker x2  
  55  7:05  Stalker, Gateway  
  61  7:17  Pylon  
  61  7:32  Forge  
  61  7:35  Forge, Gateway  
  55  7:58  Stalker x4  
  61  8:36  Stalker x5  
  69  8:41  Zealot  
  69  8:42  Zealot  
  73  9:02  Observer  
  74  9:15  Probe x2  
  76  9:18  Stalker  
  76  9:19  Assimilator  
  76  9:20  Zealot x5, Assimilator, Observer  
  76  9:21  Zealot  
  91  9:27  Probe x2  
Tags
 
Matchup
PvT
Replay Pack
Multiplayer
Spawn Locations
Cross Positions
Add a new tag
Caveats
  • Supply blocks, unpowered buildings, or Contaminate may cause inaccurate times.
  • Supply counts are checked every 10 seconds.